 Dungeon Crawl Stone Soup version 0.29.1-15-g9cfb28693d (webtiles) character file.

Game seed: 2843845836758707075

186 DemonSlayer the Digger (level 5, -19/35 HPs)
             Began as a Demonspawn Earth Elementalist on Mar 11, 2023.
             Demolished by an ogre
             ... wielding a +0 giant spiked club
              (26 damage)
             ... on level 4 of the Dungeon.
             The game lasted 00:06:27 (3814 turns).

DemonSlayer the Digger (DsEE)                       Turns: 3814, Time: 00:06:28

Health: -19/35     AC:  6    Str:  9    XL:     5   Next: 38%
Magic:  4/9        EV: 12    Int: 16    God:
Gold:   14         SH:  8    Dex: 15    Spells: 4/10 levels left

rFire   . . .      SeeInvis .   l - +0 dagger
rCold   . . .      Faith    .   c - +0 buckler
rNeg    + . .      Spirit   .   a - +0 robe
rPois   .          Reflect  .   (no helmet)
rElec   .          Harm     .   (no cloak)
rCorr   .          Rampage  .   (no gloves)
Will    .....                   (no boots)
Stlth   ++........              (no amulet)
HPRegen 0.11/turn               o - ring of positive energy
MPRegen 0.11/turn               (no ring)

@: no status effects
A: icemail 1, condensation shield
a: no special abilities


You were on level 4 of the Dungeon.
You visited 1 branch of the dungeon, and saw 4 of its levels.

You collected 164 gold pieces.
You spent 150 gold pieces at shops.

Inventory:

Hand Weapons
 l - a +0 dagger (weapon)
Armour
 a - a +0 robe (worn)
 c - a +0 buckler (worn)
Jewellery
 o - a ring of positive energy (left hand)
 v - an amulet of faith
Scrolls
 d - a scroll of vulnerability {unknown}
 e - 3 scrolls of teleportation {unknown}
 g - a scroll of blinking {unknown}
 j - a scroll of summoning {unknown}
 n - 2 scrolls of identify {unknown}
 p - 2 scrolls of enchant weapon {unknown}
 q - a scroll of silence {unknown}
 r - 2 scrolls of butterflies {unknown}
 t - a scroll of fear {unknown}
 w - a scroll of poison {unknown}
 x - a scroll of amnesia {unknown}
 y - a scroll of acquirement {unknown}
 z - 3 scrolls of noise {unknown}
Potions
 b - 2 potions of magic
 f - a potion of haste {unknown}
 h - 5 potions of flight {unknown}
 i - a potion of might {unknown}
 k - 3 potions of curing {unknown}
 m - a potion of cancellation {unknown}
 s - a potion of berserk rage {unknown}
 u - a potion of heal wounds {unknown}


   Skills:
 + Level 0.2 Fighting
 + Level 2.3 Dodging
 + Level 2.7 Stealth
 + Level 1.2 Shields
 + Level 3.1 Spellcasting
 + Level 0.8 Transmutations
 + Level 4.0 Earth Magic


You had 4 spell levels left.
You knew the following spells:

 Your Spells              Type           Power      Damage    Failure   Level
a - Sandblast             Erth           30%        2d9       4%          1
b - Passwall              Tmut/Erth      8%         N/A       14%         2
c - Stone Arrow           Conj/Erth      16%        3d8       32%         3

Your spell library contained the following spells:

 Spells                   Type           Power      Damage    Failure   Level
 Petrify                  Tmut/Erth      10%        N/A       65%         4
 Cause Fear               Hex            1%         N/A       94%         4
 Dragon Form              Tmut           2%         N/A       100%        7
 Dragon's Call            Summ           1%         N/A       100%        9


Dungeon Overview and Level Annotations

Branches:
Dungeon (4/15)
 Temple: D:4-7

Altars:
Ashenzari
Makhleb

Shops:
D:3 :   D:4 *


Innate Abilities, Weirdness & Mutations

A meltable icy envelope protects you from harm. (AC +4)
A meltable shield of frost defends you. (SH +4)


Message History

You kill the quokka!
No target in view!
You can't see any susceptible monsters within range! (Use Z to cast anyway.)
You can't see any susceptible monsters within range! (Use Z to cast anyway.)
You can't see any susceptible monsters within range! (Use Z to cast anyway.)
Found a stone staircase leading down.
There is an entrance to Nops's Assorted Antiques here.
w - a scroll labelled QALU TACVEPH;
x - a scroll labelled URABBOFING
y - a scroll labelled OGGUCKU XYFOA;
z - 3 scrolls labelled JAFEOSA WISITI Thank you for shopping at Nops's Assorted Antiques!
Okay, then.
A hound comes into view.
The hound barks!
A hound is nearby!
A hound is nearby!
A hound is nearby!
The blast of sand misses the hound.
You block the hound's attack. The hound misses you.
An ogre comes into view. It is wielding a +0 giant spiked club.
The blast of sand hits the hound.
The hound is moderately wounded.
The ogre shouts!
The hound bites you but does no damage. The hound bites you.
The blast of sand hits the hound.
The hound is heavily wounded.
The hound barely misses you. You block the hound's attack.
The hound barely misses you.
The blast of sand hits the hound.
The hound is almost dead.
You block the hound's attack. The hound bites you but does no damage.
The blast of sand misses the hound.
You block the hound's attack. The hound bites you.
The ogre hits you with a +0 giant spiked club!!
Ouch! That really hurt!
* * * LOW HITPOINT WARNING * * *
Unknown command.
The ogre attacks as you move away!
The ogre hits you with a +0 giant spiked club!!
Ouch! That really hurt!
You die...

.#..##.#....)#######..#.)#.###
.#..##.##.#))##......^......#
.#..#..##.#..##.###.....###.#
.#......#...#.#.###...#.# #.#
.#....................#.# #.#
.####...#.#..........)#.# #.#
....)...####.......###.#
......##########.......#
..##...?.>O@∩....##.####
......####.h####.# .# ##. #.#.
.## .# ... .... .# .... #.##
.# ...... ... .. .........##
## ......# #


You could see an ogre and a hound.

Vanquished Creatures
  A jelly (D:4)
  3 gnolls (D:4)
  4 adders
  3 worms
  A dart slug (D:1)
  4 orcs (D:3)
  4 ball pythons
  7 bats
  2 endoplasms
  4 giant cockroaches
  6 goblins
  7 hobgoblins
  5 quokkas
  5 frilled lizards
  7 kobolds
  6 rats
69 creatures vanquished.

Notes
Turn   | Place    | Note
-------+----------+-------------------------------------------
     0 | D:1      | DemonSlayer the Demonspawn Earth Elementalist began the
                  | quest for the Orb.
     0 | D:1      | Reached XP level 1. HP: 13/13 MP: 3/3
   230 | D:1      | Reached skill level 3 in Earth Magic
   303 | D:1      | Gained mutation: A meltable shield of frost defends you.
                  | (SH +4) [demonic ancestry]
   303 | D:1      | Reached XP level 2. HP: 19/19 MP: 3/5
   434 | D:1      | Found a faded altar of an unknown god.
  1313 | D:1      | Learned a level 2 spell: Passwall
  1370 | D:2      | Reached XP level 3. HP: 24/24 MP: 6/6
  1642 | D:2      | Found a broken altar of Ashenzari.
  1880 | D:2      | Learned a level 3 spell: Stone Arrow
  2168 | D:3      | Reached XP level 4. HP: 29/30 MP: 6/8
  2760 | D:3      | Found Orinoluw's Book Emporium.
  3399 | D:4      | Reached skill level 1 in Shields
  3399 | D:4      | Gained mutation: A meltable icy envelope protects you from
                  | harm. (AC +4) [demonic ancestry]
  3399 | D:4      | Reached XP level 5. HP: 23/35 MP: 3/9
  3517 | D:4      | Found a burning altar of Makhleb.
  3585 | D:4      | Reached skill level 4 in Earth Magic
  3792 | D:4      | Found Nops's Assorted Antiques.
  3808 | D:4      | Bought a scroll labelled QALU TACVEPH for 25 gold pieces
  3808 | D:4      | Bought a scroll labelled URABBOFING for 25 gold pieces
  3808 | D:4      | Bought a scroll labelled OGGUCKU XYFOA for 25 gold pieces
  3808 | D:4      | Bought 3 scrolls labelled JAFEOSA WISITI for 75 gold pieces
  3809 | D:4      | Noticed an ogre
  3814 | D:4      | Demolished by an ogre

Illustrated notes

Levels and vault maps discovered:
D:1:      erik_arrival_orb_chamber, layout_loops_cross,
          shapermc_ecumenical_altar_ellora
D:2:      layout_rooms, basic_altar
D:3:      layout_loops_corners, serial_shops, shop
D:4:      layout_loops_ring, nicolae_overflow_crystal_walls,
          lemuel_mausoleum_altar_kikubaaqudgha, serial_shops,
          nicolae_stop_n_shop_1, nicolae_shop_hallway_stairs, shop,
          nicolae_stop_n_shop_1, nicolae_shop_trees

Skill      XL: |  1  2  3  4  5 |
---------------+----------------+-----
Dodging        | 2 |  2.3
Earth Magic    | 3 4 |  4.0
Stealth        | 2 |  2.7
Shields        | 1 |  1.2
Spellcasting   | 3 |  3.1
Fighting       | |  0.2
Transmutations | |  0.8

Action                   |  1- 3 |  4- 6 || total
-------------------------+-------+-------++-------
Melee: Whip              |     3 |       ||     3
       Unarmed           |     2 |       ||     2
       Dagger            |    19 |     5 ||    24
 Cast: Sandblast         |    61 |    50 ||   111
 Stab: Sleeping          |     2 |     2 ||     4
Armor: Robe              |    12 |     3 ||    15
Dodge: Dodged            |    33 |    20 ||    53
Block: Buckler           |    16 |    17 ||    33
